 Dungeon Crawl Stone Soup version 0.28-a0-1212-gc6b4282bc0 (webtiles) character file.

Game seed: 10816090416941104486

63455 Froggeryz the Brawler (level 15, 0/126 HPs)
             Began as a Ghoul Warper on Dec 21, 2021.
             Was the Champion of Okawaru.
             Slain by an orc (1 damage)
             ... while petrified by Jorgrun
             ... on level 1 of the Orcish Mines.
             The game lasted 00:24:33 (18040 turns).

Froggeryz the Brawler (Ghoul Warper)               Turns: 18040, Time: 00:24:33

Health: 0/126      AC: 19    Str: 22 (23) XL:     15   Next: 9%
Magic:  20/20      EV:  2    Int: 11      God:    Okawaru [******]
Gold:   3229       SH:  0    Dex:  7 (8)  Spells: 18/20 levels left

rFire   + . .      SeeInvis .     - Unarmed
rCold   + + .      Faith    .   M - +0 buckler "Kuxuxomu" {Slay+2}
rNeg    + + +      Spirit   .   s - +6 scale mail of Utojupt {+Inv Regen+ Slay+2}
rPois   ∞          Reflect  +   t - +0 helmet
rElec   .          Harm     .   m - +0 cloak
rCorr   .          Rampage  .   (no gloves)
Will    ++...                   F - +2 pair of boots
Stlth   ..........              A - amulet of reflection
HPRegen 0.00/turn               Q - +4 ring of evasion
MPRegen 0.17/turn               L - ring "Behuowi Home" {rF+ rC+ Will+ Int+3}

@: petrified, inhibited regen
A: claws 1, cold resistance 1, negative energy resistance 3, inhibited
regeneration, torment resistance 2
a: Renounce Religion, Evoke Invisibility, Heroism, Finesse, Duel


You were on level 1 of the Orcish Mines.
You worshipped Okawaru.
Okawaru was exalted by your worship.
You visited 4 branches of the dungeon, and saw 20 of its levels.

You collected 3389 gold pieces.
You spent 160 gold pieces at shops.

Inventory:

Missiles
 c - 5 boomerangs of dispersal (quivered)
 k - a throwing net
 r - 3 silver boomerangs
 v - 7 silver javelins
 N - a curare-tipped dart
 P - 3 boomerangs
Armour
 m - a +0 cloak (worn)
 s - the +6 scale mail of Utojupt (worn) {+Inv Regen+ Slay+2}
   (You found it on level 4 of the Dungeon)

   Slay:      It affects your accuracy & damage with ranged weapons and melee
   (+2).
   +Inv:      It lets you turn invisible.
   Regen:     It increases your rate of health regeneration.
 t - a +0 helmet (worn)
 F - a +2 pair of boots (worn)
 H - a +0 tower shield
 J - a +1 pair of gloves of infusion
 M - the +0 buckler "Kuxuxomu" (worn) {Slay+2}
   (You found it on level 4 of the Lair of Beasts)

   Slay:      It affects your accuracy & damage with ranged weapons and melee
   (+2).
Jewellery
 A - an amulet of reflection (around neck)
 G - a ring of resist corrosion
 L - the ring "Behuowi Home" (right claw) {rF+ rC+ Will+ Int+3}
   (You found it on level 4 of the Lair of Beasts)

   [ring of protection from fire]

   Int:       It affects your intelligence (+3).
   rF:        It protects you from fire.
   rC:        It protects you from cold.
   Will:      It increases your willpower.
 Q - a +4 ring of evasion (left claw)
 R - the ring "Sifabbio" {Fire Will+ Str+2}
   (You found it on level 6 of the Lair of Beasts)

   [ring of fire]

   It enhances your fire magic.
   Str:       It affects your strength (+2).
   rF:        It protects you from fire.
   rC:        It makes you vulnerable to cold.
   Will:      It increases your willpower.
Wands
 n - a wand of flame (32)
 q - a wand of iceblast (17)
Scrolls
 b - 4 scrolls of blinking
 d - a scroll of immolation
 g - a scroll of silence
 h - a scroll of enchant armour
 i - 4 scrolls of torment
 o - 2 scrolls of fear
 u - 3 scrolls of enchant weapon {unknown}
 y - 6 scrolls of identify
 B - 2 scrolls of fog
 C - 3 scrolls of magic mapping
 D - 3 scrolls of teleportation
Potions
 a - a potion of cancellation {unknown}
 e - a potion of resistance {unknown}
 f - 3 potions of mutation {unknown}
 j - 9 potions of might
 l - 2 potions of invisibility
 p - 2 potions of attraction {unknown}
 w - a potion of berserk rage {unknown}
 x - a potion of magic {unknown}
 z - 3 potions of heal wounds
 E - a potion of experience {unknown}
 I - 7 potions of curing
 K - a potion of haste {unknown}
 O - a potion of flight {unknown}


   Skills:
 - Level 10.1 Fighting
 + Level 4.8 Throwing
 - Level 6.0 Armour
 - Level 9.0 Dodging
 - Level 4.0 Shields
 + Level 20.3 Unarmed Combat
 - Level 3.3 Spellcasting
 - Level 2.6 Translocations
 - Level 9.1 Invocations


You had 18 spell levels left.
You knew the following spells:

 Your Spells              Type           Power      Damage    Failure   Level
a - Blink                 Tloc           14%        N/A       30%         2

Your spell library contained the following spells:

 Spells                   Type           Power      Damage    Failure   Level
 Apportation              Tloc           14%        N/A       21%         1
 Pain                     Necr           4%         1d4       52%         1
 Gell's Gravitas          Tloc           7%         N/A       52%         3
 Lesser Beckoning         Tloc           7%         N/A       52%         3
 Teleport Other           Tloc           7%         N/A       52%         3
 Corpse Rot               Necr/Air       2%         N/A       67%         2
 Ensorcelled Hibernation  Hex/Ice        2%         N/A       67%         2
 Conjure Flame            Conj/Fire      1%         6-21      88%         3
 Ignite Poison            Fire/Tmut/Pois 1%         N/A       88%         3
 Ozocubu's Armour         Ice            1%         N/A       88%         3
 Stone Arrow              Conj/Erth      2%         3d7       88%         3
 Passage of Golubria      Tloc           7%         N/A       90%         4
 Sticky Flame             Conj/Fire      1%         2d3       99%         4
 Manifold Assault         Tloc           7%         N/A       99%         5
 Agony                    Necr           1%         N/A       100%        5
 Alistair's Intoxication  Tmut/Pois      0%         N/A       100%        5
 Excruciating Wounds      Necr           0%         N/A       100%        5
 Lightning Bolt           Conj/Air       0%         1d11      100%        5
 Metabolic Englaciation   Hex/Ice        0%         N/A       100%        5
 Silence                  Hex/Air        0%         N/A       100%        5
 Iron Shot                Conj/Erth      0%         9d1       100%        6
 Lehudib's Crystal Spear  Conj/Erth      0%         10d2      100%        8
 Spider Form              Tmut/Pois      Unusable   N/A       N/A         3
 Tukima's Dance           Hex            Unusable   N/A       N/A         3
 Animate Armour           Summ/Erth      Unusable   N/A       N/A         4
 Blade Hands              Tmut           Unusable   N/A       N/A         5
 Simulacrum               Ice/Necr       Unusable   N/A       N/A         6

Dungeon Overview and Level Annotations

Branches:
Dungeon (11/15)            Temple (1/1) D:4            Lair (6/6) D:8
 Shoals (0/4) Lair:3       Spider (0/4) Lair:3        Slime (0/5) Lair:6
    Orc (2/2) D:11            Elf (0/3) Orc:2

Altars:
Ashenzari
Cheibriados
Dithmenos
Elyvilon
Fedhas
Gozag
Hepliaklqana
Kikubaaqudgha
Makhleb
Nemelex Xobeh
Okawaru
Qazlal
Ru
Sif Muna
Trog
Uskayaw
Vehumet
Wu Jian
Xom
Yredelemnul
Zin
The Shining One
Lugonu

Shops:
D:1 !   D:7 (   Orc:1 (   Orc:2 =

Portals:
Abyss: Lair:6

Annotations:
Lair:4 2 transporters, Zesag's ghost, journeyman DsVM
Orc:1 Jorgrun


Innate Abilities, Weirdness & Mutations

You thrive by killing the living.
You are immune to poison.
You have sharp fingernails.
Your flesh is cold resistant. (rC+)
You are immune to negative energy. (rN+++)
You do not regenerate when monsters are visible.
You are immune to unholy pain and torment.


Message History

As you read the scroll of blinking, it crumbles to dust.
Your surroundings suddenly seem different.
An orc, an orc priest, an orc wizard and an orc sorcerer come into view.
The orc sorcerer shouts!
The orc priest shouts!
The orc shouts!
An orc warrior comes into view. It is wielding a +0 glaive.
The orc throws a boomerang.
The boomerang barely misses you.
You have turned to stone.
The orc throws a boomerang.
The boomerang hits you but does no damage.
You hear a grinding noise.
The orc sorcerer howls an incantation.
You feel troubled. The orc hits you but does no damage.
The orc sorcerer hits you but does no damage.
The orc priest barely misses you. The orc hits you but does no damage.
The orc warrior hits you from afar with a +0 glaive!
* * * LOW HITPOINT WARNING * * *
The orc sorcerer hits you but does no damage.
The orc priest hits you with a +0 hand axe.
* * * LOW HITPOINT WARNING * * *
The orc warrior hits you from afar with a +0 glaive.
The orc sorcerer hits you but does no damage.
The orc priest barely misses you. The orc hits you but does no damage.
The orc warrior hits you but does no damage.
The orc sorcerer hits you but does no damage.
The orc wizard hits you but does no damage.
The orc priest hits you but does no damage.
The orc hits you but does no damage.
The orc warrior hits you from afar with a +0 glaive.
* * * LOW HITPOINT WARNING * * *
The orc sorcerer becomes larger for a moment.
The orc sorcerer hits you but does no damage.
The orc wizard mumbles some strange words.
The orc wizard flickers and vanishes!
Deactivating autopickup; reactivate with Ctrl-A.
The orc priest hits you but does no damage.
The orc hits you with a +0 short sword.
You die...

........
......
#.....
##.....
#.....##
...o.##
#o{o.#
#@o#
#....###
###.# ##


You could see an orc sorcerer, an orc warrior, an orc priest and an orc.

Vanquished Creatures
  The ghost of Bulibuo the Severer, a journeyman HOBe of Trog (Lair:6)
  A quicksilver ooze (Lair:4)
  An ice dragon (Lair:6)
  A catoblepas (Lair:5)
  5 hydras
  A boulder beetle (Lair:3)
  Erica (D:11)
  4 two-headed ogres
  4 death yaks (Lair:5)
  Urug (D:10)
  2 thrashing horrors (Lair:6)
  2 orc high priests (Orc:1)
  A wizard (D:9)
  4 orc sorcerers
  3 cyclopes
  5 orc knights
  3 oklob plants
  2 ugly things (Lair:6)
  Joseph (D:10)
  4 black mambas
  4 elephants (Lair:5)
  3 cane toads
  A torpor snail (Lair:2)
  Maggie (D:6)
  Psyche (D:8)
  2 smoke demons (Lair:6)
  3 large abominations (Lair:6)
  6 kobold demonologists (D:11)
  3 rime drakes
  7 komodo dragons
  2 burning bushes (Lair:3)
  2 ancient zymes (Lair:6)
  A meliai (shapeshifter) (Lair:6)
  A troll (D:10)
  A jumping spider (Lair:3)
  Grinder (D:4)
  2 hornets
  2 polar bears
  44 blink frogs
  2 slime creatures (Lair:4)
  9 dream sheep
  A redback (Lair:3)
  2 spriggans
  20 yaks
  4 wyverns
  A water elemental (D:11)
  2 wraiths
  3 ynoxinuls (Lair:6)
  5 shadows
  8 basilisks
  A chaos spawn (Lair:6)
  4 vampire mosquitoes (D:11)
  11 small abominations (Lair:6)
  A steam dragon (D:8)
  2 death yak simulacra (Lair:6)
  2 wargs (Orc:1)
  An acid dragon (D:11)
  A hydra simulacrum (Lair:6)
  12 water moccasins
  21 orc warriors
  An ice beast (D:7)
  2 sky beasts
  4 black bears
  A necrophage (D:7)
  A black mamba simulacrum (Lair:6)
  5 ogres
  11 wolves
  8 centaurs
  A phantom (D:5)
  7 kobold brigands
  11 bullfrogs
  A gnoll sergeant (Orc:1)
  2 cane toad simulacra (Lair:6)
  A water moccasin zombie (D:5)
  A scorpion (D:5)
  3 killer bees (D:9)
  A troll zombie (D:11)
  5 wights (D:8)
  5 electric eels (D:11)
  A torpor snail simulacrum (Lair:6)
  A centaur zombie (D:8)
  7 jellies
  23 orc priests
  A gnoll shaman (D:9)
  3 hounds
  A centaur skeleton (D:7)
  2 iguanas
  Jessica (D:3)
  Ijyb (D:3)
  Terence (D:3)
  26 orc wizards
  5 ogre zombies (D:11)
  A hound skeleton (D:4)
  2 howler monkey zombies
  8 gnolls
  6 adders
  A shadow imp (D:5)
  A white imp (D:8)
  2 worms
  3 dart slugs
  60 orcs
  8 bats
  7 endoplasms
  2 giant cockroaches
  9 goblins
  5 hobgoblins
  13 jackals
  4 quokkas
  9 ball pythons
  3 frilled lizards
  A goblin skeleton (D:11)
  A goblin zombie (D:11)
  A hobgoblin skeleton (D:11)
  A hobgoblin zombie (D:11)
  22 kobolds
  14 orc zombies (D:11)
  7 rats
582 creatures vanquished.

Vanquished Creatures (others)
  An orc (D:8)
  A kobold (D:11)
  A goblin skeleton (D:11)
  A bush (Lair:6)
  14 fungi
  19 plants
37 creatures vanquished.

Grand Total: 619 creatures vanquished

Notes
Turn   | Place    | Note
-------+----------+-------------------------------------------
     0 | D:1      | Froggeryz the Ghoul Warper began the quest for the Orb.
     0 | D:1      | Reached XP level 1. HP: 17/17 MP: 2/2
   159 | D:1      | Reached skill level 1 in Armour
   175 | D:1      | Reached XP level 2. HP: 17/24 MP: 3/3
   302 | D:1      | Reached skill level 3 in Unarmed Combat
   650 | D:1      | Reached XP level 3. HP: 29/29 MP: 4/4
   837 | D:1      | Found Daschauhu's Distillery.
  1202 | D:2      | Found a faded altar of an unknown god.
  1918 | D:2      | Reached skill level 4 in Unarmed Combat
  1918 | D:2      | Reached XP level 4. HP: 36/36 MP: 5/5
  2583 | D:3      | Reached XP level 5. HP: 41/41 MP: 6/6
  2674 | D:3      | Noticed Terence
  2685 | D:3      | Killed Terence
  2686 | D:3      | Reached skill level 5 in Unarmed Combat
  2802 | D:3      | Noticed Ijyb
  2823 | D:3      | Killed Ijyb
  3142 | D:3      | Noticed Jessica
  3164 | D:3      | Killed Jessica
  3317 | D:3      | Reached XP level 6. HP: 48/48 MP: 7/7
  3359 | D:3      | Reached skill level 6 in Unarmed Combat
  4164 | D:4      | Noticed Grinder
  4168 | D:4      | Paralysed by Grinder for 3 turns
  4181 | D:4      | Killed Grinder
  4182 | D:4      | Reached skill level 7 in Unarmed Combat
  4182 | D:4      | Reached XP level 7. HP: 41/57 MP: 8/8
  4194 | D:4      | Identified the +6 scale mail of Utojupt {+Inv Regen+
                  | Slay+2}
  4268 | D:3      | Learned a level 2 spell: Blink
  4273 | D:4      | Found a staircase to the Ecumenical Temple.
  4303 | Temple   | Entered the Ecumenical Temple
  4685 | Temple   | Became a worshipper of Warmaster Okawaru
  4876 | D:4      | Noticed a hornet
  4883 | D:4      | Killed a hornet
  5184 | D:4      | Reached skill level 8 in Unarmed Combat
  5213 | D:4      | Reached XP level 8. HP: 66/66 MP: 9/9
  5278 | D:5      | Entered Level 5 of the Dungeon
  5367 | D:5      | Reached * piety under Okawaru
  5632 | D:5      | Reached skill level 5 in Fighting
  5632 | D:5      | Reached skill level 9 in Unarmed Combat
  5985 | D:6      | Got Juecs's Reference Book on Earthen Lightness
  6045 | D:6      | Noticed a yak
  6047 | D:6      | Noticed a yak
  6047 | D:6      | Noticed a yak
  6057 | D:6      | Killed a yak
  6057 | D:6      | Reached ** piety under Okawaru
  6058 | D:6      | Reached skill level 10 in Unarmed Combat
  6058 | D:6      | Reached XP level 9. HP: 68/75 MP: 10/10
  6098 | D:6      | Reached skill level 11 in Unarmed Combat
  6515 | D:6      | Noticed Maggie
  6523 | D:6      | Killed Maggie
  6523 | D:6      | Reached *** piety under Okawaru
  6601 | D:7      | Reached skill level 12 in Unarmed Combat
  6765 | D:7      | Found Nyistil's Antique Weapon Shoppe.
  7167 | D:7      | Reached XP level 10. HP: 72/88 MP: 11/11
  7407 | D:8      | Reached **** piety under Okawaru
  7440 | D:8      | Noticed Psyche
  7453 | D:8      | Killed Psyche
  7457 | D:8      | Reached skill level 13 in Unarmed Combat
  7623 | D:8      | Found a staircase to the Lair.
  7776 | D:9      | Reached ***** piety under Okawaru
  7780 | D:9      | Identified the +1 ring mail "Daorufot" {rCorr Dex+2}
  7799 | D:9      | Noticed a wizard
  7807 | D:9      | Killed a wizard
  7822 | D:9      | Noticed a two-headed ogre
  7947 | Lair:1   | Entered Level 1 of the Lair of Beasts
  7967 | Lair:1   | Reached skill level 14 in Unarmed Combat
  8056 | Lair:1   | Noticed an eight-headed hydra
  8091 | Lair:1   | Reached XP level 11. HP: 74/99 MP: 12/12
  8101 | Lair:1   | Reached skill level 10 in Fighting
  8257 | Lair:1   | Reached skill level 15 in Unarmed Combat
  8305 | Lair:1   | Killed an eight-headed hydra
  8305 | Lair:1   | Received a gift from Okawaru
  8380 | Lair:1   | Reached ****** piety under Okawaru
  8495 | Lair:1   | Identified a scroll of acquirement
  8500 | Lair:1   | Acquired 744 gold pieces
  8819 | Lair:2   | Noticed an oklob plant
  8849 | Lair:2   | Killed an oklob plant
  8850 | Lair:2   | Reached skill level 1 in Shields
  8921 | Lair:2   | Reached skill level 5 in Armour
  9296 | Lair:2   | Noticed a five-headed hydra
  9306 | Lair:2   | Killed a five-headed hydra
  9307 | Lair:2   | Reached XP level 12. HP: 106/106 MP: 10/13
  9314 | Lair:2   | Noticed a four-headed hydra
  9323 | Lair:2   | Killed a four-headed hydra
  9742 | Lair:3   | Reached skill level 1 in Invocations
  9759 | Lair:3   | Reached skill level 16 in Unarmed Combat
  9925 | Lair:3   | Found a hole to the Spider Nest.
 10030 | Lair:3   | Received a gift from Okawaru
 10069 | Lair:3   | Reached skill level 5 in Invocations
 10240 | Lair:3   | Noticed a boulder beetle
 10263 | Lair:3   | Killed a boulder beetle
 10316 | Lair:3   | Found a staircase to the Shoals.
 10909 | Lair:4   | Noticed a five-headed hydra
 10923 | Lair:4   | Killed a five-headed hydra
 10992 | Lair:4   | Identified the +2 robe "Wioneqou" {*Corrode rElec Slay+5}
                  | (Okawaru gifted it to you on level 4 of the Lair of Beasts)
 10992 | Lair:4   | Received a gift from Okawaru
 11022 | Lair:4   | Identified the ring "Behuowi Home" {rF+ rC+ Will+ Int+3}
 11148 | Lair:4   | Identified the +0 buckler "Kuxuxomu" {Slay+2}
 11339 | Lair:4   | Noticed a quicksilver ooze
 11345 | Lair:4   | Killed a quicksilver ooze
 11457 | Lair:4   | Found a transporter.
 11563 | Lair:4   | Noticed Zesag's ghost (journeyman DsVM)
 11707 | Lair:4   | Found a transporter.
 11796 | Lair:5   | Reached XP level 13. HP: 89/113 MP: 18/18
 11939 | Lair:5   | Reached skill level 17 in Unarmed Combat
 12188 | Lair:5   | Reached skill level 5 in Dodging
 12766 | Lair:5   | Received a gift from Okawaru
 12870 | Lair:6   | Entered Level 6 of the Lair of Beasts
 12919 | Lair:6   | Reached skill level 18 in Unarmed Combat
 13201 | Lair:6   | Received a gift from Okawaru
 13247 | Lair:6   | Reached XP level 14. HP: 36/121 MP: 19/19
 13564 | Lair:6   | Found a runed translucent gate.
 13666 | Lair:6   | Found a runed translucent gate.
 13666 | Lair:6   | Found a runed translucent gate.
 13666 | Lair:6   | Noticed Bulibuo's ghost (journeyman HOBe)
 13685 | Lair:6   | Found a staircase to the Slime Pits.
 13710 | Lair:6   | Acquired 1074 gold pieces
 14181 | Lair:6   | Reached skill level 19 in Unarmed Combat
 14211 | Lair:6   | Found a corrupted altar of Lugonu.
 14211 | Lair:6   | Found a one-way gate to the infinite horrors of the Abyss.
 14418 | Lair:6   | Killed Bulibuo's ghost
 14555 | Lair:6   | Got the ring "Sifabbio" {Fire Will+ Str+2}
 14898 | D:1      | Bought a potion of might for 40 gold pieces
 14898 | D:1      | Bought a potion of curing for 30 gold pieces
 14898 | D:1      | Bought a potion of invisibility for 80 gold pieces
 14898 | D:1      | Bought a potion of degeneration for 10 gold pieces
 15400 | D:10     | Entered Level 10 of the Dungeon
 15631 | D:10     | Noticed Joseph
 15641 | D:10     | Killed Joseph
 15780 | D:10     | Found a sparkling altar of Nemelex Xobeh.
 15783 | D:10     | Noticed Urug
 15803 | D:10     | Killed Urug
 16335 | D:11     | Noticed Erica
 16351 | D:11     | Killed Erica
 16366 | D:11     | Identified the +10 halberd "Huiluezo" {pain, Int+3 Stlth+}
                  | (Okawaru gifted it to you on level 11 of the Dungeon)
 16366 | D:11     | Received a gift from Okawaru
 16434 | D:11     | Found a sacrificial altar of Ru.
 16488 | D:11     | Reached skill level 1 in Throwing
 16670 | D:11     | Found a staircase to the Orcish Mines.
 17143 | Orc:1    | Entered Level 1 of the Orcish Mines
 17318 | Orc:2    | Entered Level 2 of the Orcish Mines
 17318 | Orc:2    | Found a staircase to the Elven Halls.
 17443 | Orc:2    | Found Xali's Jewellery Boutique.
 17595 | Orc:2    | Reached skill level 20 in Unarmed Combat
 17624 | Orc:1    | Found Ciushrie's Weapon Shoppe.
 17777 | Orc:1    | Reached XP level 15. HP: 120/126 MP: 20/20
 17820 | Orc:2    | Identified the +5 scale mail "Gacuirig" {rN+ Int+4}
                  | (Okawaru gifted it to you on level 2 of the Orcish Mines)
 17820 | Orc:2    | Received a gift from Okawaru
 17837 | Orc:2    | Paralysed by an orc sorcerer for 6 turns
 18017 | Orc:1    | Noticed Jorgrun
 18036 | Orc:1    | HP: 3/126 [orc warrior (5)]
 18039 | Orc:1    | HP: 1/126 [orc warrior (1)]
 18040 | Orc:1    | Slain by an orc

Illustrated notes

Levels and vault maps discovered:
D:1:      ebering_trefoil_3fold, layout_basic, serial_shops, shop
D:2:      layout_loops_corners, nicolae_ecumenical_pavilion
D:3:      layout_basic, serial_curves, eino_curves_01, eino_curves_04,
          hangedman_feature_mirror, uniq_jessica, uniq_terence, uniq_ijyb
D:4:      minmay_diamond_boxcup, layout_loops_cross, minmay_temple_entry_tees,
          uniq_grinder
D:5:      lemuel_ice_spiral_2, layout_basic, chequers_serial_rivers_marsh,
          corexii_hall_statues_s
D:6:      layout_basic, uniq_maggie
D:7:      layout_basic, serial_shops, shop
D:8:      layout_basic, dpeg_oklobed_lair, uniq_psyche
D:9:      layout_rooms, kennysheep_generic_room_7
D:10:     layout_basic, old_standard_altar, uniq_joseph, uniq_urug
D:11:     layout_basic, zombieorc1_lemuel, nicolae_ru_great_annihilating_truth,
          uniq_erica
Temple:   roderic_octagonal_lattice_temple
Lair:1:   layout_concentric_octagons, grunt_megastairs_4
Lair:2:   layout_loops_ring, grunt_forest_large_clearing_hut
Lair:3:   layout_small_grid, minmay_shoals_entry_centaurs, spider_nest_entry_a,
          serial_bayou_pond_d, evilmike_ambush [evilmike_ambush_outer_doors,
          evilmike_ambush_inner_cross]
Lair:4:   layout_cave_pods, gammafunk_ghost_hive, nicolae_lair_time_for_slime,
          infiniplex_staircase_pool_2
Lair:5:   layout_cave_pods, grunt_megastairs_5, serial_bayou_shore_b
Lair:6:   hellmonk_lair_end_abyssal_woods, layout_regular_city,
          minmay_slime_entry_oklob_open, gammafunk_ghost_icy
Orc:1:    layout_caves, serial_shops, nicolae_shop_hallway_stairs, uniq_jorgrun
Orc:2:    st_orc_elflike, layout_caves, minmay_shop_enchanted_jewellery,
          nicolae_orc_tapped_out

Skill      XL: |  1  2  3  4  5  6  7  8  9 10 11 12 13 14 |
---------------+-------------------------------------------+-----
Armour         | 1 2 3 5 6 |  6.0
Unarmed Combat | 3 4 5 7 8 10 12 14 15 16 18 20 | 20.3
Fighting       | 3 4 6 8 9 10 | 10.1
Dodging        | 3 7 9 |  9.0
Shields        | 3 4 |  4.0
Invocations    | 8 9 |  9.1
Spellcasting   | 3 |  3.3
Throwing       | 4 |  4.8
Translocations | |  2.6

Action                   |  1- 3 |  4- 6 |  7- 9 | 10-12 | 13-15 || total
-------------------------+-------+-------+-------+-------+-------++-------
Melee: Unarmed           |   125 |   200 |   251 |   531 |   994 ||  2101
       Punch             |       |       |    10 |    37 |       ||    47
Invok: Heroism           |       |       |       |     1 |     1 ||     2
Evoke: Wand              |       |     2 |       |     6 |     3 ||    11
  Use: Scroll            |       |       |       |     9 |    12 ||    21
 Stab: Invisible         |       |       |       |       |     1 ||     1
       Paralysed         |       |       |       |       |     1 ||     1
Armor: Ring mail         |     5 |       |       |       |       ||     5
       Scale mail        |    55 |    93 |   116 |   323 |   327 ||   914
Dodge: Dodged            |    72 |    94 |    81 |   233 |   441 ||   921
Block: Other             |       |       |     4 |   104 |       ||   108
       Reflection        |       |       |       |     1 |     6 ||     7
       Buckler           |       |       |       |    10 |   378 ||   388

Table legend: (Time is in decaauts)
 A = Elapsed time spent in this place.
 B = Non-inter-level travel time spent in this place.
 C = Inter-level travel time spent in this place.
 D = Time resting spent in this place.
 E = Time spent auto-exploring this place.
 F = Levels seen in this place.
 G = Mean time per level.
                   A        B        C        D        E       F      G
               +--------+--------+--------+--------+--------+-----+--------+
         Total |  17556 |  16513 |   1043 |   1114 |  11734 |  20 |  877.8 |
       Dungeon |   9836 |   9172 |    664 |    606 |   6761 |  11 |  894.2 |
        Temple |    398 |    358 |     40 |      0 |    335 |   1 |  398.0 |
          Lair |   6511 |   6183 |    328 |    290 |   4434 |   6 | 1085.2 |
  Orcish Mines |    810 |    800 |     10 |    218 |    204 |   2 |  405.0 |
               +--------+--------+--------+--------+--------+-----+--------+

Top non-repeatable levels by time:
     D:2: 1644 daAuts
  Lair:6: 1627 daAuts
     D:3: 1441 daAuts
     D:1: 1205 daAuts
    D:11: 1129 daAuts
  Lair:5: 1064 daAuts
  Lair:3: 1028 daAuts
  Lair:4: 1007 daAuts
  Lair:2: 959 daAuts
  Lair:1: 823 daAuts
     D:7: 811 daAuts
     D:5: 746 daAuts
     D:4: 728 daAuts
     D:6: 581 daAuts
    D:10: 577 daAuts
